 Dungeon Crawl Stone Soup version 0.18-a0-1764-gf4ddf0b (webtiles) character file.

536 namelastname112 the Insei (level 7, 0/56 HPs)
             Began as a White Draconian Transmuter on Apr 13, 2016.
             Slain by a centaur (9 damage)
             ... on level 6 of the Dungeon.
             The game lasted 00:07:29 (4798 turns).

namelastname112 the Insei (DrTm)                    Turns: 4798, Time: 00:07:29

Health: 0/56       AC:  2    Str: 12    XL:     7   Next: 4%
Magic:  6/11       EV: 21    Int: 13    God:
Gold:   160        SH:  0    Dex: 19    Spells: 2 memorised, 7 levels left

rFire  . . .     SeeInvis .       - Unarmed
rCold  . . .     Gourm    .     (armour unavailable)
rNeg   . . .     Faith    .     (shield currently unavailable)
rPois  x         Spirit   .     (helmet currently unavailable)
rElec  .         Dismiss  .     (cloak currently unavailable)
rCorr  +         Reflect  .     (gloves currently unavailable)
SustAt .         Harm     .     (boots currently unavailable)
MR     .....                    (no amulet)
Stlth  ++........               (no ring)
                                n - ring of resist corrosion

@: spider-form (expiring), not resistant to hostile enchantments, unstealthy
A: (breathe frost), unfitting armour, (cold resistance 0), (cold-blooded), AC +6
a: End Transformation


You were on level 6 of the Dungeon.
You were hungry.
You were a venomous arachnid creature.
You visited 1 branch of the dungeon, and saw 6 of its levels.
You also visited: Sewer.

You collected 160 gold pieces.

Inventory:

Missiles
 a - 53 arrows
Armour
 i - a +0 cloak (melded)
 o - a +0 pair of gloves (melded)
Jewellery
 n - a ring of resist corrosion (left front leg)
 s - an uncursed ring of positive energy {unknown}
Wands
 r - a wand of paralysis (18/24)
Scrolls
 e - a scroll of amnesia
 g - 2 scrolls of remove curse
 k - a scroll of blinking
 l - 4 scrolls of identify
 v - 2 scrolls of enchant weapon {unknown}
Potions
 d - 5 potions of curing
 m - 2 potions of brilliance
 t - 3 potions of heal wounds
 u - a potion of flight {unknown}
Books
 b - a book of Changes

   Spells                             Type                      Level
   a - Beastly Appendage              Transmutation                1
   b - Sticks to Snakes               Transmutation                2
   c - Spider Form                    Transmutation/Poison         3
   d - Ice Form                       Ice/Transmutation            4
   e - Blade Hands                    Transmutation                5
 p - a book of Air

   Spells                             Type                      Level
   a - Shock                          Conjuration/Air              1
   b - Swiftness                      Charms/Air                   2
   c - Repel Missiles                 Charms/Air                   2
   d - Static Discharge               Conjuration/Air              3
   e - Lightning Bolt                 Conjuration/Air              5
Comestibles
 c - 3 bread rations
 f - 8 fruits
 h - a beef jerky
 j - 3 meat rations
 q - a slice of pizza


   Skills:
 + Level 2.7 Fighting
 + Level 3.0 Dodging
 * Level 4.9 Unarmed Combat
 + Level 3.2 Spellcasting
 * Level 4.6 Transmutations


You had 7 spell levels left.
You knew the following spells:

 Your Spells              Type           Power        Failure   Level  Hunger
b - Sticks to Snakes      Trmt           ##......     21%         2    ##.....
c - Spider Form           Trmt/Pois      #.........   50%         3    ###....


Dungeon Overview and Level Annotations

Branches:
Dungeon (6/15)
 Temple: D:4-7

Altars:
Elyvilon
The Shining One

Annotations:
D:4 Grinder, Menkaure, Purgy


Innate Abilities, Weirdness & Mutations

((You can breathe waves of freezing cold.))
((You can buffet flying creatures when you breathe cold.))
((Your icy white scales are hard (AC +6).))
Your body does not fit into most forms of armour.
((Your flesh is cold resistant.))
((You are cold-blooded and may be slowed by cold attacks.))


Message History

You learn Fire Magic much slower.
You learn Ice Magic much quicker.
You can breathe waves of freezing cold.
You can buffet flying creatures when you breathe cold.
You feel resistant to cold.
The centaur wields a runed shortbow.
It is covered in frost.
The centaur shoots an arrow.
The arrow hits you! The arrow freezes you.
You take 12 damage, and have 17/56 hp.
MASSIVE DAMAGE!!
The centaur unwields an uncursed shortbow of freezing.
The centaur closely misses you. The centaur hits you!
* * * LOW HITPOINT WARNING * * *
Items here: )) [ † a dagger; a robe; a war axe; an orc corpse You take 8 damage, and have 9/56 hp.
You are too injured to fight recklessly!
You hit the centaur but do no damage.
The centaur is poisoned.
The centaur hits you but does no damage.
You hit the centaur.
The centaur looks even sicker.
The centaur is lightly wounded.
The centaur hits you!
You die...

#'##.##.# .....##.#
.....##.# .....##.#
.....##.# ........#
........#
........###########.#
...............(sc..#
.##.>....############
. ##.....# #.....#
#.....# #.....#
#.....# #.....#


You could see a centaur.

Vanquished Creatures
  A big kobold (Sewer)
  2 orc wizards (D:6)
  A hound (D:6)
  An orc priest (D:6)
  An iguana (D:4)
  A worker ant (D:3)
  3 gnolls
  A howler monkey skeleton (D:4)
  9 adders
  2 river rats (D:6)
  A shadow imp (D:6)
  An ooze (Sewer)
  2 dart slugs
  3 giant geckos
  5 orcs
  15 bats
  4 giant cockroaches
  5 goblins
  4 hobgoblins
  3 jackals (D:1)
  2 quokkas
  5 giant newts
  16 kobolds
  17 rats
105 creatures vanquished.

Vanquished Creatures (collateral kills)
  An ice beast (D:6)
  A gnoll (D:1)
  A giant newt (D:5)
3 creatures vanquished.

Grand Total: 108 creatures vanquished

Notes
Turn   | Place    | Note
--------------------------------------------------------------
     0 | D:1      | namelastname112 the Draconian Transmuter began the quest for the Orb.
     0 | D:1      | Reached XP level 1. HP: 16/16 MP: 3/3
   226 | D:1      | Reached XP level 2. HP: 13/23 MP: 5/5
   440 | D:1      | crauler: >crawl devs taking removals so far they remove one of their own servers
   489 | D:1      | namelastname112: Lol
   489 | D:1      | namelastname112: jokes
   545 | D:1      | Learned a level 2 spell: Sticks to Snakes
   911 | D:1      | Reached XP level 3. HP: 6/28 MP: 3/6
  1160 | D:1      | Learned a level 3 spell: Spider Form
  1163 | D:2      | crauler: подумал в че поиграть не решил и вернулся в кравл?
  1608 | D:2      | namelastname112: ну я поиграл малек
  1608 | D:2      | namelastname112: в эту хуйню
  1608 | D:2      | namelastname112: энтер зэ ганжн
  1688 | D:2      | Reached XP level 4. HP: 19/36 MP: 1/7
  1957 | D:2      | crauler: тогда уж в томе
  2068 | D:2      | crauler: мне в томе даже играть не надо, лол
  2226 | D:2      | crauler: мне хватает игры и аддона на раскидывание всех талантов
  2296 | D:2      | crauler: для планирования билда
  2351 | D:3      | crauler: билд придумал, а играть не обязательно
  2417 | D:3      | Reached XP level 5. HP: 21/41 MP: 8/8
  2604 | D:3      | Found a white marble altar of Elyvilon.
  2636 | D:3      | namelastname112: лол блять
  2636 | D:3      | namelastname112: отлично
  2733 | D:3      | Found a glowing golden altar of the Shining One.
  3109 | D:4      | Noticed Menkaure
  3727 | D:4      | Noticed Purgy
  3729 | D:4      | Noticed Grinder
  3770 | D:5      | Entered Level 5 of the Dungeon
  3770 | D:5      | Noticed an ogre
  3774 | D:5      | Noticed an ice beast
  3908 | D:6      | Reached XP level 6. HP: 35/48 MP: 10/10
  4005 | D:6      | Found a glowing drain.
  4009 | Sewer    | Entered a sewer
  4313 | Sewer    | crauler: блоуган может взять
  4328 | Sewer    | crauler: вдруг кураре где будет
  4328 | Sewer    | namelastname112: да ну
  4450 | D:6      | Noticed an ice beast
  4474 | D:6      | Killed an ice beast
  4795 | D:6      | Your scales start taking on an icy white colour.
  4795 | D:6      | Reached XP level 7. HP: 32/56 MP: 6/11
  4795 | D:6      | Gained mutation: Your flesh is cold resistant. [White Draconian growth]
  4798 | D:6      | Slain by a centaur

Vault maps used:
D:1:      dpeg_arrival_circle_labyrinth_a
D:3:      nicolae_tso_swordbearing_angel, solitary_fountain, elyvilon_altar_5
D:4:      gammafunk_temple_overflow_statue, first_bread,
          cheibrodos_ashenzari_chains, uniq_menkaure, uniq_purgy, uniq_grinder
D:5:      nicolae_overflow_crystal_walls, serial_shops, shop, uniq_duvessa
D:6:      gup_sewer_entry_bowl, uniq_eustachio
Sewer:    kennysheep_pipe_town

Skill      XL: |  1  2  3  4  5  6 |
---------------+-------------------+-----
Dodging        | 2 3 |  3.0
Transmutations | 3 4 |  4.6
Unarmed Combat | 4 |  4.9
Fighting       | 2 |  2.7
Spellcasting   | 3 |  3.2

Action                   |  1- 3 |  4- 6 |  7- 9 || total
-------------------------+-------+-------+-------++-------
Melee: Unarmed           |   147 |   297 |     2 ||   446
       Tailslap          |    10 |    23 |       ||    33
       Punch             |     2 |     3 |       ||     5
 Cast: Sticks to Snakes  |     2 |     8 |       ||    10
       Spider Form       |     1 |     8 |       ||     9
  Use: Scroll            |       |     5 |       ||     5
       Potion            |       |     3 |       ||     3
 Stab: Invisible         |       |     1 |       ||     1
       Sleeping          |       |     1 |       ||     1
  Eat: Chunk             |     3 |    12 |       ||    15
Armor: Skin              |    66 |    88 |     1 ||   155
Dodge: Dodged            |   107 |   202 |     1 ||   310
